 Dungeon Crawl Stone Soup version 0.20.1-1-g8b1a95d (webtiles) character file.

270 Irenicus the Insei (level 6, 0/43 HPs)
             Began as an Octopode Chaos Knight on Oct 17, 2017.
             Slain by a quasit (2 damage)
             ... summoned by Eustachio
             ... on level 4 of the Dungeon.
             The game lasted 00:04:48 (2320 turns).

Irenicus the Insei (Octopode Chaos Knight)          Turns: 2320, Time: 00:04:49

Health: 0/43       AC:  1    Str: 11      XL:     6   Next: 22%
Magic:  6/6        EV: 13    Int: 20      God:    Xom [...*..]
Gold:   164        SH:  0    Dex:  7 (13) Spells: 5/5 levels left

rFire    . . .     SeeInvis .     - Unarmed
rCold    . . .     Gourm    .   (no shield)
rNeg     . . .     Faith    .   (helmet restricted)
rPois    .         Spirit   .   (no amulet)
rElec    .         Reflect  .   (no ring)
rCorr    .         Harm     .   (no ring)
MR       .....                  (no ring)
Stlth    +++.......             (no ring)
Regen    0.2/turn               (no ring)
MPRegen  0.1/turn               (no ring)
                                (no ring)
                                (no ring)

@: brilliant
A: almost no armour, stealthy swim, amphibious, 8 rings, constrict 8, camouflage
1, gelatinous body 1
a: Renounce Religion


You were on level 4 of the Dungeon.
You worshipped Xom.
You were a favourite toy of Xom.
You were very hungry.

You visited 1 branch of the dungeon, and saw 4 of its levels.

You collected 164 gold pieces.

Inventory:

Jewellery
 i - a +3 ring of intelligence {unknown}
 j - a cursed ring of loudness {unknown}
Wands
 t - a wand of scattershot (3/9)
Scrolls
 d - 2 scrolls of random uselessness {unknown}
 f - 5 scrolls of identify {unknown}
 g - 2 scrolls of recharging {unknown}
 l - a scroll of remove curse {unknown}
 m - 2 scrolls of magic mapping {unknown}
 n - a scroll of fog {unknown}
 q - a scroll of immolation {unknown}
 r - a scroll of enchant armour {unknown}
 v - a scroll of teleportation {unknown}
Potions
 b - a potion of brilliance
 e - 4 potions of curing
 h - a potion of heal wounds {unknown}
 k - a potion of haste {unknown}
 o - 2 potions of invisibility {unknown}
 p - a potion of lignification {unknown}
 u - a potion of ambrosia {unknown}
Comestibles
 a - a bread ration
 c - 2 meat rations
 s - 2 royal jellies


   Skills:
 + Level 3.7 Fighting
 - Level 3.0 Dodging
 - Level 2.2 Stealth
 + Level 5.8 Unarmed Combat


You had 5 spell levels left.
You didn't know any spells.

Dungeon Overview and Level Annotations

Branches:
Dungeon (4/15)
 Temple: D:4-7

Altars:
Kikubaaqudgha
Nemelex Xobeh
The Shining One

Annotations:
D:4 Eustachio


Innate Abilities, Weirdness & Mutations

You cannot wear most types of armour.
You are very stealthy in the water. (Stealth+)
You are amphibious.
You can wear up to eight rings at the same time.
You can use your tentacles to constrict eight enemies at once.
Your skin changes colour to match your surroundings (Stealth+).
Your rubbery body absorbs attacks. (AC +1, EV +1)


Message History

The burst of metal fragments hits the bat.
You kill the bat!
The bat's corpse disappears in a puff of smoke!
The burst of metal fragments hits Eustachio.
Eustachio is almost dead.
Evoking this partially-identified wand wasted a few charges.
The bat completely misses you. The quasit completely misses you.
The quasit closely misses you. The quasit claws you.
* * * LOW HITPOINT WARNING * * *
The white imp closely misses you.
Eustachio casts a spell.
Eustachio blinks!
It was a potion of brilliance.
You feel clever all of a sudden. The bat hits you but does no damage.
The quasit misses you. The quasit claws you.
* * * LOW HITPOINT WARNING * * *
The quasit claws you.
You die...
Xom titters!

..........# #...#
#...# #...# #...#
.#####...# .......rr#
...§.b5.5# .....§.@.#
.........##
..........#
..........#### ##.
.............###
##...#
...........#...##...#
...........####..#
...........# #..#
..........# #..#


You could see a quasit, a river rat, a white imp, a bat and a rat.

Vanquished Creatures
  Menkaure (D:4)
  A hound (D:3)
  A worker ant (D:3)
  A worm (D:2)
  9 dart slugs (D:3)
  3 leopard geckos
  An orc (D:3)
  3 bats
  11 goblins
  7 hobgoblins
  7 jackals
  2 quokkas (D:2)
  5 frilled lizards
  11 kobolds
  4 rats
67 creatures vanquished.

Notes
Turn   | Place    | Note
-------+----------+-------------------------------------------
     0 | D:1      | Irenicus the Octopode Chaos Knight began the quest for the Orb.
     0 | D:1      | Reached XP level 1. HP: 16/16 MP: 1/1
    80 | D:1      | XOM: divination: magic mapping
   120 | D:1      | XOM: smoke on damage
   127 | D:1      | Reached XP level 2. HP: 18/21 MP: 2/2
   179 | D:1      | XOM: harmless Hex miscast
   486 | D:1      | Reached XP level 3. HP: 24/26 MP: 3/3
   601 | D:2      | Found a sparkling altar of Nemelex Xobeh.
   652 | D:2      | XOM: smoke on damage
   682 | D:2      | XOM: 3-stop teleportation journey
   815 | D:2      | Found an ancient bone altar of Kikubaaqudgha.
   864 | D:2      | XOM: medium Tloc miscast
   879 | D:2      | Found a glowing golden altar of the Shining One.
  1127 | D:2      | Reached XP level 4. HP: 25/31 MP: 4/4
  1213 | D:2      | XOM: silly message
  1310 | D:3      | XOM: harmless Hex miscast
  1392 | D:3      | Reached skill level 4 in Unarmed Combat
  1461 | D:3      | XOM: harmless Summ miscast
  1481 | D:3      | Reached skill level 1 in Stealth
  1491 | D:3      | XOM: confuse monster(s)
  1506 | D:3      | XOM: divination: detect items
  1515 | D:3      | XOM: harmless Hex miscast
  1685 | D:3      | XOM: divination: magic mapping
  1702 | D:3      | Reached XP level 5. HP: 14/36 MP: 5/5
  1839 | D:3      | XOM: divination: magic mapping
  2057 | D:3      | XOM: divination: detect creatures
  2262 | D:4      | Noticed Menkaure
  2267 | D:4      | Killed Menkaure
  2267 | D:4      | Reached skill level 5 in Unarmed Combat
  2267 | D:4      | Reached XP level 6. HP: 43/43 MP: 6/6
  2296 | D:4      | Noticed Eustachio
  2305 | D:4      | XOM: enchant monster (good)
  2308 | D:4      | XOM: divination: detect items
  2316 | D:4      | HP: 2/43 [bat[Eustachio] (1)]
  2320 | D:4      | Slain by a quasit

Skill      XL: |  1  2  3  4  5 |
---------------+----------------+-----
Dodging        | 3 |  3.0
Unarmed Combat | 4 5 |  5.8
Stealth        | 2 |  2.2
Fighting       | |  3.7

Action                   |  1- 3 |  4- 6 || total
-------------------------+-------+-------++-------
Melee: Unarmed           |    92 |    57 ||   149
       Constrict         |    22 |    18 ||    40
       Tentacles         |    12 |    16 ||    28
       Punch             |     1 |     4 ||     5
Evoke: Wand              |       |     1 ||     1
  Use: Potion            |       |     2 ||     2
 Stab: Sleeping          |     5 |     4 ||     9
       Distracted        |       |     1 ||     1
  Eat: Chunk             |       |     3 ||     3
Armor: Skin              |     6 |     5 ||    11
Dodge: Dodged            |    50 |    66 ||   116
